 Dungeon Crawl Stone Soup version 0.25.1-2-g60ff931df9 (webtiles) character file.

Game seed: 18338918357040912420

2989 Jacksmitt123 the Basher (level 9, -3/72 HPs)
             Began as a Minotaur Fighter on June 25, 2020.
             Slain by a hippogriff (6 damage)
             ... on level 8 of the Dungeon on Oct 1, 2020.
             The game lasted 00:18:36 (7630 turns).

Jacksmitt123 the Basher (Minotaur Fighter)          Turns: 7630, Time: 00:18:36

Health: -3/72      AC: 11    Str: 22 (23) XL:     9   Next: 53%
Magic:  17/17      EV:  5    Int:  3 (5)  God:
Gold:   401        SH:  9    Dex:  9 (11) Spells: 8/8 levels left

rFire    . . .     SeeInvis .   G - +3 whip (flame)
rCold    . . .     Gourm    .   c - +0 kite shield
rNeg     . . .     Faith    .   q - +0 plate armour
rPois    .         Spirit   .   (helmet restricted)
rElec    .         Reflect  .   (no cloak)
rCorr    .         Harm     .   (no gloves)
MR       .....                  (no boots)
Stlth    ..........             p - amulet of the acrobat
HPRegen  0.22/turn              r - ring of flight
MPRegen  0.15/turn              E - ring of magical power

@: lethally poisoned (-3 -> -11)
A: retaliatory headbutt, horns 2
a: Evoke Flight


You were on level 8 of the Dungeon.
You were not hungry.

You visited 1 branch of the dungeon, and saw 8 of its levels.

You collected 401 gold pieces.

Inventory:

Hand Weapons
 a - a +0 flail
 A - a +0 whip of draining
 G - a +3 whip of flaming (weapon)
Armour
 b - a +0 scale mail
 c - a +0 kite shield (worn)
 g - a +0 robe
 q - a +0 plate armour (worn)
Magical Staves
 z - an uncursed staff of cold {unknown}
Jewellery
 p - an amulet of the acrobat (around neck)
 r - a ring of flight (left hand)
 E - a ring of magical power (right hand)
 F - an uncursed ring of magical power
Wands
 C - a wand of acid (5)
Scrolls
 e - 11 scrolls of identify
 h - 5 scrolls of remove curse {unknown}
 i - a scroll of immolation {unknown}
 k - a scroll of amnesia
 m - a scroll of random uselessness {unknown}
 n - 2 scrolls of magic mapping {unknown}
 s - a scroll of fear {unknown}
 v - 2 scrolls of enchant weapon
 w - a scroll of teleportation {unknown}
 y - 3 scrolls of blinking {unknown}
 B - 2 scrolls of enchant armour {unknown}
Potions
 d - a potion of might
 j - a potion of haste {unknown}
 l - a potion of cancellation {unknown}
 o - 3 potions of lignification {unknown}
 t - 2 potions of ambrosia {unknown}
 u - 2 potions of curing {unknown}
 x - 2 potions of berserk rage {unknown}
 D - a potion of degeneration
 I - a potion of brilliance {unknown}
 J - a potion of flight {unknown}
Comestibles
 f - 7 rations
 H - a chunk of flesh


   Skills:
 + Level 4.5 Fighting
 + Level 14.4 Maces & Flails
 + Level 4.2 Armour
 + Level 1.9 Dodging
 + Level 4.5 Shields


You had 8 spell levels left.
You didn't know any spells.
Your spell library contained the following spells:

 Spells                   Type           Power        Failure   Level  Hunger
 Summon Small Mammal      Summ           #...         100%        1    ##.....
 Call Imp                 Summ           #.......     100%        2    ###....
 Call Canine Familiar     Summ           #.......     100%        3    ####...
 Summon Guardian Golem    Hex/Summ       #.......     100%        3    ####...
 Summon Ice Beast         Ice/Summ       #.......     100%        4    #####..
 Summon Lightning Spire   Summ/Air       #.......     100%        4    #####..


Dungeon Overview and Level Annotations

Branches:
Dungeon (8/15)             Temple (0/1) D:7
   Lair: D:8-11

Altars:
Ashenzari
Cheibriados
Dithmenos
Elyvilon
Kikubaaqudgha
Nemelex Xobeh
Qazlal
Ru
The Shining One

Shops:
D:5 =


Innate Abilities, Weirdness & Mutations

You reflexively headbutt those who attack you in melee.
You have a pair of horns on your head.


Message History

The killer bee completely misses you.
The killer bee stings you but does no damage.
The killer bee stings you.
* * * LOW HITPOINT WARNING * * *
The killer bee stings you but does no damage.
As you read the scroll labeled JETUWN QO ATOO, it crumbles to dust.
It is a scroll of enchant weapon.
Your +2 whip of flaming glows red for a moment.
* * * LOW HITPOINT WARNING * * *
You feel sick. You block the killer bee's attack. The killer bee stings you.
* * * LOW HITPOINT WARNING * * *
The killer bee stings you.
* * * LOW HITPOINT WARNING * * *
The killer bee barely misses you. You furiously retaliate!
You headbutt the killer bee.
The killer bee stings you but does no damage.
You block the killer bee's attack. x2; The killer bee stings you.
* * * LOW HITPOINT WARNING * * *
The hippogriff bites you.
You die...

........................
........................
........................
....$...................
........................
........................
.......Hy..........[....
......y@yT..............
......yyy...............
........................
........................
........................
...Z....................
...................<..รท.
........................
.#####......


You could see a hippogriff, a troll, 6 killer bees and a hound skeleton.

Vanquished Creatures
  Pikel (D:6)
  A hippogriff (D:7)
  A hungry ghost (D:7)
  A slave (D:6)
  A sky beast (D:6)
  2 black bears
  An ice beast (D:6)
  3 ogres
  A centaur (D:6)
  A crocodile (D:8)
  A big kobold (D:7)
  A bullfrog (D:6)
  5 scorpions
  6 killer bees (D:7)
  A howler monkey (D:5)
  3 crimson imps
  A gnoll shaman (D:6)
  2 hounds
  4 jellies
  An iguana (D:4)
  5 orc wizards
  A worker ant (D:4)
  11 adders
  9 gnolls
  2 shadow imps
  An ooze (D:5)
  A worm (D:5)
  3 dart slugs (D:1)
  6 leopard geckos
  13 orcs
  4 ball pythons
  3 giant cockroaches
  11 goblins
  15 hobgoblins
  9 jackals
  7 quokkas
  A ball python zombie (D:5)
  5 bats
  5 frilled lizards
  2 jackal skeletons
  14 kobolds
  2 leopard gecko skeletons
  9 rats
177 creatures vanquished.

Vanquished Creatures (others)
  An orc (D:6)
  2 plants (D:3)
3 creatures vanquished.

Grand Total: 180 creatures vanquished

Notes
Turn   | Place    | Note
-------+----------+-------------------------------------------
     0 | D:1      | Jacksmitt123 the Minotaur Fighter began the quest for the
                  | Orb.
     0 | D:1      | Reached XP level 1. HP: 19/19 MP: 0/0
     9 | D:1      | Upgraded the game from 0.25.0-11-g1f837a76a1 to
                  | 0.25.1-2-g60ff931df9
   236 | D:1      | Reached XP level 2. HP: 18/27 MP: 1/1
   862 | D:2      | Reached skill level 3 in Maces & Flails
   901 | D:2      | Reached XP level 3. HP: 30/33 MP: 2/2
   975 | D:1      | Reached skill level 4 in Maces & Flails
  1143 | D:2      | Reached XP level 4. HP: 40/40 MP: 3/3
  1397 | D:2      | Found a white marble altar of Elyvilon.
  1417 | D:2      | Reached skill level 5 in Maces & Flails
  1872 | D:3      | Found a snail-covered altar of Cheibriados.
  1969 | D:3      | Noticed an ogre
  1977 | D:3      | HP: 2/40 [ogre/+0 giant club (2)]
  1978 | D:3      | Killed an ogre
  1978 | D:3      | Reached skill level 6 in Maces & Flails
  1978 | D:3      | Reached XP level 5. HP: 2/46 MP: 4/4
  2784 | D:4      | Found a shattered altar of Ashenzari.
  2821 | D:4      | Reached skill level 7 in Maces & Flails
  2854 | D:4      | Reached XP level 6. HP: 46/52 MP: 5/5
  3152 | D:4      | Reached skill level 8 in Maces & Flails
  3234 | D:4      | Found a sacrificial altar of Ru.
  3571 | D:5      | Entered Level 5 of the Dungeon
  3678 | D:5      | Found Hier's Jewellery Shop.
  3756 | D:5      | Reached XP level 7. HP: 58/59 MP: 6/6
  3758 | D:5      | Reached skill level 9 in Maces & Flails
  4111 | D:5      | Found a sparkling altar of Nemelex Xobeh.
  4204 | D:5      | Reached skill level 10 in Maces & Flails
  4297 | D:5      | Found a stormy altar of Qazlal.
  4639 | D:6      | Found a glowing golden altar of the Shining One.
  4639 | D:6      | Found a shadowy altar of Dithmenos.
  4646 | D:6      | Noticed Pikel
  4670 | D:6      | Killed Pikel
  4670 | D:6      | Reached skill level 12 in Maces & Flails
  4670 | D:6      | Reached XP level 8. HP: 32/66 MP: 7/7
  4927 | D:6      | Found an ancient bone altar of Kikubaaqudgha.
  5489 | D:6      | Reached skill level 13 in Maces & Flails
  5849 | D:7      | Found a staircase to the Ecumenical Temple.
  5865 | D:7      | Noticed a hippogriff
  5876 | D:7      | Reached XP level 9. HP: 55/71 MP: 8/8
  6156 | D:7      | Reached skill level 14 in Maces & Flails
  6593 | D:7      | Reached skill level 1 in Dodging
  7619 | D:8      | Noticed a troll
  7630 | D:8      | HP: 3/72 [killer bee (2)]
  7630 | D:8      | Slain by a hippogriff

Illustrated notes

Levels and vault maps discovered:
D:1:      arrival_zaba_pyramid, layout_basic
D:2:      layout_rooms, elyvilon_altar_3
D:3:      layout_basic, marbit_many_paths, first_ration, grunt_ministairs_12,
          minivault_19, serial_bayou_lake_a
D:4:      layout_basic, kennysheep_little_box, ashenzari_altar_1
D:5:      layout_loops_ring, nicolae_qazlal_eye_of_the_storm, serial_shops,
          nicolae_shop_trees, basic_altar
D:6:      layout_gridville, kennysheep_mini, gammafunk_temple_overflow_wave,
          uniq_pikel
D:7:      layout_layer_cave, minmay_temple_entry_from_below_a
D:8:      layout_basic, lemuel_round_altar, vehumet_crystals, uniq_maggie

Skill      XL: |  1  2  3  4  5  6  7  8  9 |
---------------+----------------------------+-----
Fighting       | 4 |  4.5
Shields        | 4 |  4.5
Maces & Flails | 3 4 6 7 8 12 13 14 | 14.4
Dodging        | 1 |  1.9
Armour         | 4 |  4.2

Action                   |  1- 3 |  4- 6 |  7- 9 || total
-------------------------+-------+-------+-------++-------
Melee: Flail             |    86 |   148 |       ||   234
       Headbutt          |    10 |    34 |    72 ||   116
       Whip              |       |    51 |   324 ||   375
Evoke: Wand              |       |       |     4 ||     4
  Use: Scroll            |       |     1 |     2 ||     3
       Potion            |       |       |     1 ||     1
  Eat: Chunk             |     1 |     8 |     8 ||    17
       Ration            |       |       |     2 ||     2
Armor: Scale mail        |    28 |       |       ||    28
       Plate armour      |    28 |   115 |   134 ||   277
Dodge: Dodged            |    50 |    34 |    71 ||   155
Block: Kite shield       |    58 |    95 |   135 ||   288
